 Dungeon Crawl Stone Soup version 0.26-a0-712-ga5a9c9c9d0 (webtiles) character file.

Game seed: 3571036126903644460

107 Azzok the Chopper (level 4, -1/35 HPs)
             Began as a Demonspawn Berserker on Nov 7, 2020.
             Was a Believer of Trog.
             Slain by a jackal (2 damage)
             ... on level 2 of the Dungeon.
             The game lasted 00:01:23 (1547 turns).

Azzok the Chopper (Demonspawn Berserker)            Turns: 1547, Time: 00:01:23

Health: -1/35      AC:  5    Str: 19    XL:     4   Next: 57%
Magic:  4/4        EV: 11    Int:  8    God:    Trog [**....]
Gold:   65         SH:  0    Dex: 12    Spells: 3/3 levels left

rFire    . . .     SeeInvis .   a - +0 hand axe
rCold    + . .     Faith    .   (no shield)
rNeg     . . .     Spirit   .   f - +0 ring mail
rPois    .         Reflect  .   (no helmet)
rElec    .         Harm     .   (no cloak)
rCorr    .         Rampage  .   (no gloves)
MR       .....                  (no boots)
Stlth    ..........             (no amulet)
HPRegen  0.11/turn              (no ring)
MPRegen  0.09/turn              (no ring)

@: berserk cooldown, slowed, very slow
A: hooves 1, cold resistance 1
a: Berserk, Trog's Hand, Renounce Religion


You were on level 2 of the Dungeon.
You worshipped Trog.
Trog was pleased with you.
You visited 1 branch of the dungeon, and saw 2 of its levels.

You collected 65 gold pieces.

Inventory:

Hand Weapons
 a - a +0 hand axe (weapon)
Armour
 f - a +0 ring mail (worn)
Scrolls
 b - a scroll of identify {unknown}
 d - a scroll of amnesia {unknown}
 e - a scroll of remove curse {unknown}
Potions
 c - 2 potions of ambrosia {unknown}


   Skills:
 - Level 3.0 Fighting
 + Level 4.9 Axes
 - Level 1.7 Armour
 - Level 1.7 Dodging


You had 3 spell levels left.
You didn't know any spells.
Your spell library was empty.

Dungeon Overview and Level Annotations

Branches:
Dungeon (2/15)

Altars:
Nemelex Xobeh
The Shining One


Innate Abilities, Weirdness & Mutations

You have large cloven feet.
Your flesh is cold resistant. (rC+)


Message History

* * * LOW HITPOINT WARNING * * *
The jackal closely misses you.
Items here: )) [[.
The jackal closely misses you.
The jackal bites you but does no damage.
The jackal bites you but does no damage.
The jackal closely misses you. The jackal barely misses you.
You slash the jackal!
You kill the jackal!
Trog accepts your kill. The jackal bites you.
* * * LOW HITPOINT WARNING * * *
The jackal closely misses you.
You hit the jackal. Your kick misses the jackal.
The jackal is heavily wounded.
The jackal bites you.
* * * LOW HITPOINT WARNING * * *
The jackal bites you.
You die...

▒·······▒▒▒▒▒▒▒▒▒
▒···>·······<····
▒······▒·▒▒▒▒▒▒▒▒
▒······▒··▒▒▒▒▒▒▒
▒·····▒▒▒··▒▒····
▒▒▒··▒▒ ▒▒··▒····
▒▒··▒╬···▒▒······
▒▒▒··▒▒··▒··▒▒·····
▒▒▒·@·▒▒· ▒·▒·
▒▒···· ▒▒·)h▒▒▒
▒·_·▒ ▒▒▒··
▒▒▒··▒·)·▒▒··▒·▒
▒▒···▒
▒····)))··▒▒··▒·
▒·····
▒·····†····▒▒···
▒··▒▒▒▒
▒······)····▒▒ ▒···
▒············▒▒▒···
▒·············▒···
▒·············▒···


You could see a jackal.

Vanquished Creatures
  Terence (D:2)
  Robin (D:2)
  A worm (D:2)
  4 dart slugs (D:1)
  4 leopard geckos
  3 bats (D:1)
  3 giant cockroaches
  7 hobgoblins
  6 jackals
  2 ball pythons
  A frilled lizard (D:2)
  10 goblins
  5 kobolds (D:1)
  4 rats
52 creatures vanquished.

Notes
Turn   | Place    | Note
-------+----------+-------------------------------------------
     0 | D:1      | Azzok the Demonspawn Berserker began the quest for the Orb.
     0 | D:1      | Reached XP level 1. HP: 18/18 MP: 1/1
    67 | D:1      | Reached skill level 3 in Axes
   165 | D:1      | Gained mutation: Your flesh is cold resistant. (rC+)
                  | [demonic ancestry]
   165 | D:1      | Reached XP level 2. HP: 24/24 MP: 2/2
   556 | D:1      | Reached ** piety under Trog
   556 | D:1      | Reached XP level 3. HP: 27/29 MP: 3/3
   662 | D:1      | Reached skill level 4 in Axes
  1144 | D:2      | Found a sparkling altar of Nemelex Xobeh.
  1174 | D:2      | Noticed Terence
  1185 | D:2      | Killed Terence
  1185 | D:2      | Gained mutation: You have large cloven feet. [demonic
                  | ancestry]
  1185 | D:2      | Reached XP level 4. HP: 28/35 MP: 4/4
  1490 | D:2      | Found a glowing golden altar of the Shining One.
  1505 | D:2      | Identified the +1 helmet of the Peculiar Queens {rC+ Str+3
                  | Int+3}
  1505 | D:2      | Noticed Robin
  1513 | D:2      | Killed Robin
  1547 | D:2      | HP: 1/35 [jackal (2)]
  1547 | D:2      | Slain by a jackal

Illustrated notes

Levels and vault maps discovered:
D:1:      kilobyte_arrival_exit_the_forest, layout_basic, minmay_misc_feat_five
D:2:      layout_basic, tso_metal_star, lemuel_doored_altar, uniq_robin,
          uniq_terence

Skill      XL: |  1  2  3 |
---------------+----------+-----
Axes           | 3 4 |  4.9
Fighting       | |  3.0
Armour         | |  1.7
Dodging        | |  1.7

Action                   |  1- 3 |  4- 6 || total
-------------------------+-------+-------++-------
Melee: Hand axe          |    75 |    29 ||   104
       Kick              |       |     7 ||     7
Invok: Berserk           |     2 |     1 ||     3
Armor: Animal skin       |    18 |       ||    18
       Ring mail         |       |    19 ||    19
Dodge: Dodged            |    66 |    54 ||   120

Table legend: (Time is in decaauts)
 A = Elapsed time spent in this place.
 B = Non-inter-level travel time spent in this place.
 C = Inter-level travel time spent in this place.
 D = Time resting spent in this place.
 E = Time spent auto-exploring this place.
 F = Levels seen in this place.
 G = Mean time per level.
                   A        B        C        D        E       F      G
               +--------+--------+--------+--------+--------+-----+--------+
         Total |   1589 |   1566 |     23 |    213 |   1104 |   2 |  794.5 |
       Dungeon |   1589 |   1566 |     23 |    213 |   1104 |   2 |  794.5 |
               +--------+--------+--------+--------+--------+-----+--------+

Top non-repeatable levels by time:
     D:1: 1059 daAuts
     D:2: 530 daAuts
